 Dungeon Crawl Stone Soup version 0.24-a0-282-g1a68c911f0 (webtiles) character file.

Game seed: 6159297188735403632

189 HAL9000 the Sneak (level 5, 0/26 HPs)
             Began as a Vine Stalker Assassin on May 3, 2019.
             Shot with an arrow by a centaur (9 damage)
             ... on level 9 of the Dungeon.
             The game lasted 00:06:23 (3080 turns).

HAL9000 the Sneak (Vine Stalker Assassin)           Turns: 3080, Time: 00:06:24

Health: 0/26       AC:  3    Str: 15    XL:     5   Next: 68%
Magic:  0/6        EV: 11    Int: 11    God:
Gold:   227        SH:  0    Dex: 15    Spells: 4/4 levels left

rFire    . . .     SeeInvis .   a - +2 dagger
rCold    . . .     Gourm    .   (no shield)
rNeg     . . .     Faith    .   c - +0 robe
rPois    .         Spirit   +   (no helmet)
rElec    .         Reflect  .   d - +0 cloak
rCorr    .         Harm     .   (no gloves)
MR       +....                  (no boots)
Stlth    ++++......             (no amulet)
HPRegen  0.48/turn              (no ring)
MPRegen  0.10/turn              s - ring of protection from magic

@: no status effects
A: fangs 2, regeneration 1, magic shield, antimagic bite, no potion heal 3, rot
immunity
a: no special abilities


You were on level 9 of the Dungeon.
You were hungry.

You visited 1 branch of the dungeon, and saw 7 of its levels.

You collected 227 gold pieces.

Inventory:

Hand Weapons
 a - a +2 dagger (weapon)
 b - a +0 blowgun
Missiles
 e - 13 poisoned needles
 f - 2 curare-tipped needles
 u - 6 tomahawks (quivered)
 w - 2 javelins
Armour
 c - a +0 robe (worn)
 d - a +0 cloak (worn)
Jewellery
 r - an uncursed ring of wizardry
 s - a ring of protection from magic (right hand)
Scrolls
 h - 2 scrolls of magic mapping {unknown}
 i - a scroll of fog {unknown}
 j - a scroll of teleportation
 k - 2 scrolls of random uselessness {unknown}
 l - a scroll of remove curse
 n - 2 scrolls of enchant weapon {unknown}
 o - a scroll of noise {unknown}
 q - 2 scrolls of amnesia {unknown}
 t - a scroll of fear {unknown}
 y - a scroll of enchant armour {unknown}
 A - 2 scrolls of identify {unknown}
Potions
 m - a potion of flight {unknown}
 p - a potion of magic
 x - a potion of heal wounds {unknown}
Comestibles
 g - 5 rations


   Skills:
 - Level 1.7 Fighting
 + Level 3.2 Short Blades
 - Level 1.7 Throwing
 - Level 0.7 Dodging
 + Level 7.6 Stealth


You had 4 spell levels left.
You didn't know any spells.
Your spell library was empty.

Dungeon Overview and Level Annotations

Branches:
Dungeon (10/15)
 Temple: D:4-7         Lair: D:8-11         Orc: D:9-12

Altars:

Shops:
D:4 ?


Innate Abilities, Weirdness & Mutations

You have extremely sharp teeth.
Your natural rate of healing is unusually fast.
When hurt, damage is shared between your health and your magic reserves.
Your bite disrupts and absorbs the magic of your enemies.
Potions cannot restore your health.
You are immune to rotting.


Message History

Your extra speed is starting to run out.
You see here a worker ant corpse.
You start resting.
You feel yourself slow down.
You start resting.
HP restored.
You see here a worker ant corpse.
Okay, then.
The centaur shouts! x2
An adder comes into view.
The centaur wields a +0 shortbow.
The centaur shoots an arrow.
The arrow hits you!
The centaur wields a +0 shortbow.
The centaur shoots an arrow.
The arrow misses you.
You see here 2 arrows.
The centaur shoots an arrow.
The arrow misses you.
The centaur shoots an arrow.
The arrow hits you!
You see here 2 arrows.
The centaur shoots an arrow.
The arrow hits you.
The centaur shoots an arrow.
The arrow hits you!
You die...

####################.
#........@((.........
#..†.........>.......
###########≈≈≈≈S≈≈≈≈≈
#≈≈≈≈≈≈≈≈≈≈
#≈≈≈≈≈≈≈≈≈≈
#≈≈≈≈≈≈≈≈≈≈
#≈≈≈≈≈c≈≈≈≈
#≈≈≈c≈c..≈≈
#≈≈≈≈≈.c.≈≈


You could see 3 centaurs and an adder.

Vanquished Creatures
  Jessica (D:3)
  A worker ant (D:9)
  5 adders
  3 oozes (D:1)
  4 worms
  2 dart slugs (D:1)
  A leopard gecko (D:4)
  4 giant cockroaches
  6 goblins
  8 hobgoblins
  5 jackals
  A ball python (D:1)
  6 bats
  2 frilled lizards
  12 kobolds
  10 rats
71 creatures vanquished.

Notes
Turn   | Place    | Note
-------+----------+-------------------------------------------
     0 | D:1      | HAL9000 the Vine Stalker Assassin began the quest for the
                  | Orb.
     0 | D:1      | Reached XP level 1. HP: 11/11 MP: 2/2
    23 | D:1      | Reached skill level 5 in Stealth
   363 | D:1      | Reached XP level 2. HP: 15/15 MP: 3/3
   663 | D:1      | Reached XP level 3. HP: 8/18 MP: 2/4
   880 | D:1      | Reached skill level 6 in Stealth
  1391 | D:2      | Gained mutation: Your natural rate of healing is unusually
                  | fast. [Vine Stalker growth]
  1391 | D:2      | Reached XP level 4. HP: 23/23 MP: 5/5
  1646 | D:2      | Reached skill level 7 in Stealth
  1969 | D:2      | Reached XP level 5. HP: 22/26 MP: 6/6
  2481 | D:3      | Noticed Jessica
  2496 | D:3      | Killed Jessica
  2960 | D:4      | Found Usaahebb's Magic Scroll Shoppe.
  2970 | D:4      | You fall through a shaft for 3 floors!
  2972 | D:7      | You fall through a shaft for 3 floors!
  2972 | D:10     | Entered Level 10 of the Dungeon
  2973 | D:10     | Noticed a black bear
  2989 | D:10     | HP: 1/26 [black bear (2)]
  2996 | D:9      | Noticed a centaur
  2996 | D:9      | Noticed a centaur
  2996 | D:9      | Noticed a centaur
  3080 | D:9      | Shot with an arrow by a centaur

Levels and vault maps discovered:
D:1:      dpeg_arrival_connections, layout_loops_cross
D:2:      layout_loops_ring, serial_glass, glass_columns_c, glass_columns_a
D:3:      layout_basic, uniq_jessica
D:4:      layout_basic, serial_shops, nicolae_shop_stone, first_ration,
          trog_book, uniq_grinder
D:7:      layout_gridville, gammafunk_temple_overflow_elements, enter_ossuary_5
D:9:      nicolae_whirlpool, layout_rooms, serial_shops, shop, uniq_maurice
D:10:     layout_big_octagon, erik_lair_dragon, serial_gnoll_camp,
          gnoll_camp_mini_shop, gnoll_camp_mini_shop, grums_kennel,
          gnoll_camp_huts_basic, grunt_tengu_nest, minivault_16, st_stairs_1,
          serial_bayou_ford_a

Skill      XL: |  1  2  3  4  5 |
---------------+----------------+-----
Stealth        | 5 6 7 |  7.6
Short Blades   | 2 3 |  3.2
Fighting       | |  1.7
Throwing       | |  1.7
Dodging        | |  0.7

Action                   |  1- 3 |  4- 6 || total
-------------------------+-------+-------++-------
Melee: Dagger            |    75 |   127 ||   202
       Bite              |    16 |    34 ||    50
 Fire: Blowgun           |       |     8 ||     8
  Use: Scroll            |       |     2 ||     2
       Potion            |       |     2 ||     2
 Stab: Sleeping          |    16 |     7 ||    23
       Distracted        |       |     1 ||     1
  Eat: Chunk             |     1 |     5 ||     6
Armor: Robe              |     5 |    35 ||    40
Dodge: Dodged            |    23 |    72 ||    95

Table legend:
 A = Non-vault XP
 B = Vault XP
 C = Vault XP percentage of total XP
 D = Non-vault monster count
 E = Vault monster count
 F = Vault count percentage of total count
                 A         B        C        D         E       F
            +---------+---------+-------+---------+---------+-------
      Total |     233 |      37 |  13.7 |      70 |       1 |   1.4
            +---------+---------+-------+---------+---------+-------
        D:1 |      86 |       0 |   0.0 |      34 |       0 |   0.0
        D:2 |      87 |       0 |   0.0 |      23 |       0 |   0.0
        D:3 |      23 |      37 |  61.7 |      11 |       1 |   8.3
        D:4 |       3 |       0 |   0.0 |       1 |       0 |   0.0
        D:9 |      34 |       0 |   0.0 |       1 |       0 |   0.0
            +---------+---------+-------+---------+---------+-------
